 Dungeon Crawl Stone Soup version 0.20-a0-513-g02c11fc (webtiles) character file.

18 nukedog the Caller (level 2, -17/15 HPs)
             Began as a Tengu Summoner on Jan 23, 2017.
             Killed from afar by a Hell Sentinel (25 damage)
             ... with damnation
             ... created by miscasting Call Imp
             ... on level 2 of the Dungeon.
             The game lasted 00:13:18 (1105 turns).

nukedog the Caller (Tengu Summoner)                 Turns: 1105, Time: 00:13:19

Health: -17/15     AC:  8    Str:  8    XL:     2   Next: 70%
Magic:  4/6        EV:  3    Int: 15    God:
Gold:   11         SH:  0    Dex: 14    Spells: 2/5 levels left

rFire    . . .     SeeInvis .   f - +0 whip
rCold    . . .     Gourm    .   n - +0 chain mail
rNeg     . . .     Faith    .   (no shield)
rPois    .         Spirit   .   (helmet restricted)
rElec    .         Reflect  .   (no cloak)
rCorr    .         Harm     .   (no gloves)
MR       .....                  (boots unavailable)
Stlth    ..........             (no amulet)
Regen    0.1/turn               (no ring)
                                (no ring)

@: very slightly contaminated
A: beak, talons 3, wild magic 1
a: no special abilities


You were on level 2 of the Dungeon.
You were full.

You visited 1 branch of the dungeon, and saw 2 of its levels.

You collected 11 gold pieces.

Inventory:

Hand Weapons
 d - a +0 dagger
 f - a +0 whip (weapon)
 h - a +0 short sword
 l - a cursed -3 dagger
 m - a +0 club
 o - a cursed +0 dagger
 p - a +0 club
Missiles
 e - 8 stones (quivered)
 q - 14 bolts
Armour
 a - a +0 robe
 g - a +0 robe
 i - a +0 ring mail
 j - a +0 leather armour
 k - a +0 robe
 n - a +0 chain mail (worn)
 r - a +0 ring mail
 s - a +0 pair of boots
 t - a +0 leather armour
Books
 b - a book of Callings

   Spells                             Type                      Level
   a - Summon Small Mammal            Summoning                    1
   b - Call Imp                       Summoning                    2
   c - Call Canine Familiar           Summoning                    3
   d - Summon Guardian Golem          Hexes/Summoning              3
   e - Summon Lightning Spire         Summoning/Air                4
   f - Summon Ice Beast               Ice/Summoning                4
Comestibles
 c - a bread ration


   Skills:
 + Level 0.7 Armour
 + Level 2.4 Dodging
 + Level 2.0 Stealth
 + Level 2.0 Spellcasting
 + Level 5.3 Summonings


You had 2 spell levels left.
You knew the following spells:

 Your Spells              Type           Power        Failure   Level  Hunger
a - Call Imp              Summ           ###.....     100%        2    ###....
b - Summon Small Mammal   Summ           ###.         100%        1    #......


Dungeon Overview and Level Annotations

Branches:
Dungeon (2/15)

Altars:


Innate Abilities, Weirdness & Mutations

You have a beak for a mouth.
You have claws for feet.
Your spells are a little harder to cast, but a little more powerful.


Message History

Uppercase [Y]es or [N]o only, please.
The spell is very dangerous to cast!
Continue anyway?
Uppercase [Y]es or [N]o only, please.
The spell is very dangerous to cast!
Continue anyway?
Uppercase [Y]es or [N]o only, please.
The spell is very dangerous to cast!
Continue anyway?
Uppercase [Y]es or [N]o only, please.
The spell is very dangerous to cast!
Continue anyway?
You miscast Call Imp.
You are very lightly contaminated with residual magic.
You sense a hostile presence.
A Hell Sentinel comes into view.
The frilled lizard bites you but does no damage.
The Hell Sentinel hits you.
The Hell Sentinel hits you but does no damage.
A giant cockroach comes into view.
The Hell Sentinel gestures at you.
The sphere of damnation explodes!
The damnation engulfs you!
Ouch! That really hurt!
You die...

#.. # ... #.#.# ##
#.#.# #.##.#.# +
#......########
.#.#.......1.....#
#.......#..l.@..?#
#.....#.#...#..#
#...............
#.#.#.#..s#..####
# #.#.#.#.#....
#.#.#.#.# ####
#.#.#.#.#
#.#.#.#..
##########.#.#


You could see a Hell Sentinel, a giant cockroach and a frilled lizard.

Vanquished Creatures
  An ooze (D:1)
  2 bats (D:1)
  3 hobgoblins
  2 frilled lizards (D:1)
  3 goblins
11 creatures vanquished.

Vanquished Creatures (collateral kills)
  3 goblins (D:1)
  A frilled lizard (D:1)
4 creatures vanquished.

Grand Total: 15 creatures vanquished

Notes
Turn   | Place    | Note
-------+----------+-------------------------------------------
     0 | D:1      | nukedog the Tengu Summoner began the quest for the Orb.
     0 | D:1      | Reached XP level 1. HP: 10/10 MP: 4/4
    90 | D:1      | Reached skill level 5 in Summonings
   472 | D:1      | Reached XP level 2. HP: 9/15 MP: 4/6
   486 | D:1      | Gained mutation: Your spells are a little harder to cast, but a little more powerful. [potion of beneficial mutation]
   634 | D:1      | Learned a level 2 spell: Call Imp
   636 | D:1      | Learned a level 1 spell: Summon Small Mammal
  1101 | D:2      | Noticed a Hell Sentinel
  1105 | D:2      | Killed from afar by a Hell Sentinel

Vault maps used:
D:1:      shiori_arrival_elements, serial_bayou_pond_a
D:2:      fedhas_altar_3, first_bread, chequers_ecumenical_altar_twisty,
          grunt_ministairs_1

Skill      XL: |  1 |
---------------+----+-----
Summonings     | 5 |  5.3
Armour         | |  0.7
Dodging        | |  2.4
Stealth        | |  2.0
Spellcasting   | |  2.0

Action                   || total
-------------------------++-------
Melee: Unarmed           ||    10
       Dagger            ||     9
       Club              ||    27
       Kick              ||     8
       Peck              ||     6
 Cast: Summon Small Mamm ||     7
       Call Imp          ||     5
  Use: Potion            ||     3
       Scroll            ||     2
  Eat: Meat ration       ||     1
Armor: Robe              ||     8
       Leather armour    ||     1
       Ring mail         ||     9
       Chain mail        ||     2
Dodge: Dodged            ||    54
